zoologist, lawful female human Archeologist -------------------------- |>......^^^^^^^^^^^^^^^^.| |....u.d----------------.| -------@------ |.| |....m......| |.| |.`.`.`.`.`.| |.| --------.----| |.| |...`.`..`.`.| |.| |...`........| |.| -----.-------- ------|.| |..`.`.`...| --|.....|.| |..`..`....| |.+.....|.| |.`.`...`.-- |-|.....|.| -------.---- |.+.....+.| |..`.....| |-|.....|-- |........| |.+.....| |...------ --|.....| ----- ------- zoologist the Field Worker Experience level: 5 Strength: 12 Dexterity: 12 Constitution: 12 Intelligence: 14 Wisdom: 18 Charisma: 12 Health: 0(41) Energy: 19(19) Def: 3 Gold: 424 Moves: 4051 Dungeon seed: yqIpADZMLsGowAzn Game ID: zoologist_1526223234 Your Inventory: Coins $ - 424 gold pieces Amulets j - a cursed amulet of strangulation Weapons a - a +2 bullwhip (weapon in hand) m - 8 +0 darts (in quiver) R - 2 +1 ya Armor e - an uncursed +0 leather jacket (being worn) n - an uncursed +1 fedora (being worn) r - an uncursed +0 pair of kicking boots (being worn) Comestibles b - 7 uncursed food rations w - 3 uncursed pancakes z - an uncursed tripe ration C - an uncursed tin of fox meat Scrolls c - 2 uncursed scrolls of earth h - a cursed scroll of blank paper i - 2 uncursed scrolls of blank paper k - a blessed scroll of teleportation l - an uncursed scroll of teleportation S - a cursed scroll of taming U - an uncursed scroll of identify Potions H - an uncursed potion of sleeping Rings p - an uncursed ring of see invisible (on right hand) A - an uncursed ring of free action (on left hand) D - a cursed ring of polymorph F - an uncursed ring of sustain ability G - an uncursed ring of searching L - an uncursed ring of invisibility W - an uncursed ring of shock resistance Wands s - a wand of striking (0:7) v - a wand of make invisible (0:0) B - a wand of secret door detection (0:11) X - a blessed wand of undead turning (0:4) Tools d - a tinning kit (0:67) f - an uncursed sack g - an uncursed skeleton key o - an uncursed sack x - an uncursed magic whistle T - an uncursed tin whistle Gems q - an uncursed touchstone Contents of the sack: an uncursed potion of water Spells and supernatural/magical abilities: Name Level Category Fail Memory z - sleep 1 enchantment 23% 91% W - pray for help -- divine ? -- Your skills at the end: Fighting Skills Weapon Skills pick-axe [Basic] whip [Skilled] Spellcasting Skills Final Attributes: You were piously aligned. You were poison resistant. You saw invisible. You were stealthy. You were held by a giant mimic. You were fast. You had free action. You were unlucky. You are dead. Vanquished creatures: a fog cloud a shrieker a black naga hatchling a golden naga hatchling a gray ooze a paper golem a baby crocodile 2 giant ants 2 homunculi a kobold lord a rabid rat a giant bat a dwarf zombie a werejackal 3 coyotes 2 gas spores 2 manes 3 large kobolds 2 giant rats 2 cave spiders a brown mold a yellow mold a green mold 3 garter snakes 3 geckos 7 jackals 3 foxes 3 kobolds a goblin 5 sewer rats 7 grid bugs 3 lichens 2 newts 70 creatures vanquished. Voluntary challenges: You were an atheist. You used a wielded weapon 117 times, starting on turn 4. You read items or engraved 9 times, starting on turn 863. You never genocided any monsters. You never polymorphed an object. You never changed form. You used no wishes. You never split a pudding. You wrote Elbereth's name 3 times, starting on turn 863. You never violated your personal moral code. Dungeon overview: The Dungeons of Doom: levels 1 to 6 Level 1 a long staircase Level 2 some fountains a long staircase Level 3 a jewelry store Level 4 an altar to Camaxtli Level 5 many fountains Level 6 a sink stairs to Sokoban Sokoban: levels 2 to 5 Level 2 <- You were here Level 3 Level 4 Level 5 stairs to The Dungeons of Doom History has recorded: On T:1 you entered the Dungeons of Doom to retrieve the Amulet of Yendor! On T:404 you reached level 2 of The Dungeons of Doom. On T:652 you advanced to experience level 2. On T:838 you reached level 3 of The Dungeons of Doom. On T:1255 you advanced to experience level 3. On T:1431 you reached level 4 of The Dungeons of Doom. On T:1674 you reached level 5 of The Dungeons of Doom. On T:1926 you advanced to experience level 4. On T:2108 you reached level 6 of The Dungeons of Doom. On T:2286 you reached level 4 of Sokoban. On T:2749 you advanced to experience level 5. On T:2856 you reached level 3 of Sokoban. On T:3534 you reached level 2 of Sokoban. On T:3889 you reached level 1 of Sokoban. Score breakdown: Gold: 424 ( 8940 points) Experience: 5 levels (11141 points) Exploration: 6 levels ( 12.00%) ( 9583 points) Discoveries: 9 items ( 3.02%) ( 5213 points) Valuables value: (no points given unless you survive) Artifact value: 0 ( 0 points) Variety of kills: 33 monsters ( 8.66%) ( 8829 points) Turncount: 4051 turns (-1043 points) Survival: died (score multiplied by 80%) Total score: 34130 Latest messages: You displace your pony. You displace your little dog. You stop waiting. The little dog bites the homunculus. The homunculus misses the little dog. The pony misses the homunculus. (4x) You hit the homunculus. The homunculus bites! The little dog bites the homunculus. The homunculus is killed! You finish waiting. (3x) You feel tough! You must be leading a healthy life-style. You finish waiting. (2x) You are now more skilled in whip. Wait! That's a giant mimic! You cannot escape from the giant mimic! (2x) The giant mimic hits! (2x) You hit the giant mimic. You cannot escape from the giant mimic! (4x) The giant mimic hits! (2x) You die... The sack is empty. Final status: Goodbye zoologist the Archeologist, killed by a giant mimic... You died in Sokoban on dungeon level 2 with 34130 points, and 424 pieces of gold, after 4051 moves. You were level 5 with a maximum of 41 hit points when you died.